[Event "Betsys MČR v online bleskovém šachu 2021"]
[Site "Chess.com"]
[Date "2021.04.17"]
[Round "13"]
[White "koky_3"]
[Black "Jacques_se_mas"]
[Result "0-1"]
[WhiteElo "2021"]
[BlackElo "1764"]
[TimeControl "180+1"]
[EndTime "11:09:54 PDT"]
[Termination "Uživatel Jacques_se_mas zvítězil po vzdání soupeře"]

1. e4 e6 2. d4 b6 3. Bd3 Bb7 4. Qe2 Nf6 5. f4 d5 6. e5 Ne4 7.
Nf3 Be7 8. O-O h6 9. Nbd2 Nxd2 10. Bxd2 c5 11. c3 Qc8 12. f5 exf5 13. Rae1 g6 14. e6 fxe6 15. Ne5 Rg8 16. Bxh6 Ba6 17. Bb5+ Bxb5 18. Qxb5+ Nd7 19. Nc6 a6 20. Nxe7 Kxe7 21. Qe2 Qc6 22. Bg5+ Kf7 23. h4 Nf6 24. Bxf6 Kxf6 25.
Qe5+ Kf7 26. Rxf5+ gxf5 27. Re3 Rg4 28. h5 Rag8 29. g3 cxd4 30. cxd4 Qc1+ 31. Kf2 Qd2+ 32. Re2 Qxd4+ 33. Qxd4 Rxd4 0-1

[Event "Betsys MČR v online bleskovém šachu 2021"]
[Site "Chess.com"]
[Date "2021.04.17"]
[Round "13"]
[White "Maldaj"]
[Black "Soural_J"]
[Result "1-0"]
[WhiteElo "2391"]
[BlackElo "2194"]
[TimeControl "180+1"]
[EndTime "11:09:55 PDT"]
[Termination "Uživatel Maldaj zvítězil po vzdání soupeře"]

1. e4 c5 2. Nf3 Nc6 3. d4 cxd4 4. Nxd4 g6 5. Nc3 Bg7 6. Be3 Nf6 7. Bc4 Qa5 8. O-O O-O 9. Bb3 d6 10. h3 Bd7 11. a3 Nxd4 12. Bxd4 Bc6 13. Qd3 Rad8 14. Rae1 Nh5 15. Bxg7 Kxg7 16. f4 Qc5+ 17. Kh2 e5 18. f5 f6 19. Nd5 Bb5 20. c4 Bc6 21. fxg6 hxg6 22. Qd2 Bxd5 23. cxd5 Rc8 24. Rf3 Qb6 25. Ref1 Rc7 26. Bd1 Rcf7 27. Rb3 Qd4 28. Qxd4 exd4 29.
g4 f5 30. gxh5 fxe4 31. Rxf7+ Rxf7 32. Rg3 Rf2+ 33. Rg2 Rxg2+ 34. Kxg2 gxh5 35. Kg3 Kf6 36. Kf4 1-0

[Event "Betsys MČR v online bleskovém šachu 2021"]
[Site "Chess.com"]
[Date "2021.04.17"]
[Round "13"]
[White "berny643"]
[Black "pedroholly22"]
[Result "1-0"]
[WhiteElo "2591"]
[BlackElo "2402"]
[TimeControl "180+1"]
[EndTime "11:10:00 PDT"]
[Termination "Uživatel berny643 zvítězil po vzdání soupeře"]

1. d4 Nf6 2. c4 e6 3. Nc3 d5 4. cxd5 Nxd5 5. e4 Nxc3 6. bxc3 c5 7. a3 Be7 8. Nf3 O-O 9. Be2 b6 10. O-O cxd4 11. cxd4 Ba6 12. Bxa6 Nxa6 13. Qe2 Nb8 14. Bb2 Nd7 15. Rfd1 Nf6 16. d5 exd5 17. exd5 Bd6 18. Nd4 Re8 19. Qf3 Be5 20. Nc6 Bxb2 21. Nxd8 Bxa1 22. Nc6 Be5 23. g3 Bd6 24. a4 Re4 25. a5 bxa5 26. Nxa5 Rae8 27. Nb7 Bf8 28. d6 Re1+ 29.
Rxe1 Rxe1+ 30. Kg2 Re5 31. Qc6 Rd5 32. Qa6 Rd2 33. Qxa7 h5 34. Qe3 Rd5 35. Qb6 Rd2 36. Qb4 Ng4 37. Qxd2 1-0

[Event "Betsys MČR v online bleskovém šachu 2021"]
[Site "Chess.com"]
[Date "2021.04.17"]
[Round "13"]
[White "kominekmart"]
[Black "Asmodai5"]
[Result "1-0"]
[WhiteElo "1538"]
[BlackElo "1319"]
[TimeControl "180+1"]
[EndTime "11:10:01 PDT"]
[Termination "Uživatel kominekmart zvítězil po vzdání soupeře"]

1. e4 e5 2. Nf3 Nc6 3. Bc4 Bc5 4. d3 Nf6 5. O-O O-O 6. Bg5 d6 7. Nc3 Bg4 8. h3 Bh5 9. Nd5 Nd4 10. g4 Nxf3+ 11. Qxf3 Bg6 12. Bxf6 gxf6 13. Qxf6 Qxf6 14. Nxf6+ Kg7 15. Nd7 Rfe8 16. Nxc5 dxc5 17. f4 exf4 18. Rxf4 f6 19. Raf1 Rf8 20. h4 Be8 21. g5 Bd7 22. Rxf6 Rxf6 23. Rxf6 Re8 24. Rf7+ Kg6 25. Rxd7 Rf8 26. Rxc7 Rf3 27. Rxb7 Rh3 28. Rxa7 Rxh4 29. Ra6+ Kh5 30. Rc6 Rg4+ 31. Kf2 Rxg5 32. a4 Kh4 33. a5 Kh3 34. Rh6+ Kg4 35. Be6+ Kf4 36. Rf6+ 1-0

[Event "Betsys MČR v online bleskovém šachu 2021"]
[Site "Chess.com"]
[Date "2021.04.17"]
[Round "13"]
[White "FutureFideMasseur"]
[Black "YawningBagel"]
[Result "0-1"]
[WhiteElo "2403"]
[BlackElo "2012"]
[TimeControl "180+1"]
[EndTime "11:10:04 PDT"]
[Termination "Uživatel YawningBagel zvítězil po vzdání soupeře"]

1. d4 Nf6 2. c4 c5 3. d5 b5 4. Qc2 b4 5. e4 d6 6. Bd3 g6 7. f4 Bg7 8. Nf3 Nbd7 9. O-O O-O 10. h3 Qc7 11. Be3 a5 12. Nbd2 Bb7 13. Rae1 a4 14. e5 dxe5 15. fxe5 Nxe5 16. Nxe5 Qxe5 17. Bxc5 Qc7 18. Bxe7 Rfe8 19. d6 Qc5+ 20. Kh2 Nh5 21. Nf3 Rxe7 22. dxe7 Re8 23. Be4 Qc7+ 24. Kg1 Bxe4 25.
Qxe4 Ng3 26. Qd5 Nxf1 27. Rxf1 Qxe7 28. Ng5 Rd8 29. Qxf7+ Qxf7 30. Nxf7 Rd2 31. b3 Rxa2 32. bxa4 b3 33. c5 b2 34. c6 Ra1 0-1

[Event "Betsys MČR v online bleskovém šachu 2021"]
[Site "Chess.com"]
[Date "2021.04.17"]
[Round "13"]
[White "Pokemonchess"]
[Black "jachym08"]
[Result "0-1"]
[WhiteElo "1950"]
[BlackElo "2208"]
[TimeControl "180+1"]
[EndTime "11:10:05 PDT"]
[Termination "Uživatel jachym08 zvítězil matem"]

1. e4 c5 2. Nf3 Nc6 3. d4 cxd4 4. Nxd4 Nf6 5. Nc3 e5 6. Ndb5 d6 7. Nd5 Nxd5 8. exd5 Nb8 9. Be3 Be7 10. Bd3 O-O 11.
Qd2 Nd7 12. f3 f5 13. O-O-O a6 14. Nc3 b5 15. g4 f4 16. Bf2 Bb7 17. Bf5 g6 18.
Be6+ Kg7 19. h4 Nf6 20. Qd3 Qa5 21. h5 b4 22. hxg6 hxg6 23. Ne4 Qxa2 24. Nxf6 Bxf6 25. Rh2 e4 26. Qxe4 Qxb2+ 27. Kd2 Qc3+ 28. Ke2 a5 29.
Kf1 Ba6+ 30. Kg2 Qc4 31. Rdh1 Rh8 32. Rxh8 Rxh8 33. Rxh8 Qf1+ 34. Kh2 Qxf2+ 35. Kh1 Kxh8 36. Qxg6 Qxf3+ 37. Kh2 Qg3+ 38. Kh1 Qh3+ 39. Kg1 Bd4# 0-1

[Event "Betsys MČR v online bleskovém šachu 2021"]
[Site "Chess.com"]
[Date "2021.04.17"]
[Round "13"]
[White "JuliliaR"]
[Black "KarelZalesky"]
[Result "0-1"]
[WhiteElo "1465"]
[BlackElo "1748"]
[TimeControl "180+1"]
[EndTime "11:10:06 PDT"]
[Termination "Uživatel KarelZalesky zvítězil matem"]

1. d4 d5 2. c4 e6 3. Nc3 Nf6 4. Nf3 Bb4 5. Qc2 Ne4 6. cxd5 exd5 7. Bf4 Nc6 8. e3 a6 9. a3 Bxc3+ 10. bxc3 g5 11. Bg3 h5 12. Bd3 f5 13. Be5 Nxe5 14. Nxe5 g4 15. f3 gxf3 16. gxf3 Qh4+ 17. Kd1 Nf2+ 18.
Kd2 Nxh1 19. Rxh1 Qf2+ 20. Be2 Qg2 21. Qd1 Rg8 22. f4 Bd7 23. Kc1 O-O-O 24. Bf3 Qa2 25. Qc2 Qxa3+ 26. Kd2 Ba4 27. Qxf5+ Kb8 28. Rb1 Qa2+ 29. Kc1 Rg1+ 30. Bd1 Rxd1# 0-1

[Event "Betsys MČR v online bleskovém šachu 2021"]
[Site "Chess.com"]
[Date "2021.04.17"]
[Round "13"]
[White "Eliska0107"]
[Black "mendryxchess"]
[Result "1-0"]
[WhiteElo "2049"]
[BlackElo "1810"]
[TimeControl "180+1"]
[EndTime "11:10:07 PDT"]
[Termination "Uživatel Eliska0107 zvítězil po vzdání soupeře"]

1. e4 c5 2. Nc3 Nc6 3. g3 d6 4.
Bg2 g6 5. d3 Bg7 6. Be3 e6 7. Qd2 Nge7 8. Bh6 O-O 9. h4 d5 10.
h5 d4 11. Bxg7 Kxg7 12. hxg6 fxg6 13. Qh6+ Kf7 14. Qxh7+ Ke8 15. Nce2 Nb4 16. Rc1 Qa5 17. Kf1 Bd7 18. Nf3 Ba4 19. Qg7 Kd7 20. Rh7 Rae8 21.
Qxg6 Bxc2 22. Ne5+ Kc7 23. Qxe6 Nxd3 24. Rxe7+ Rxe7 25. Qxe7+ Kb8 26. Qxf8+ Kc7 27. Qe7+ Kb8 28. Nd7+ Kc8 29.
Nxc5 Nxc5 30. Rxc2 b6 31. Nxd4 Qxa2 32. e5 Qb1+ 33. Ke2 Qg1 34. Qb7+ Kd8 35. Nc6+ 1-0

[Event "Betsys MČR v online bleskovém šachu 2021"]
[Site "Chess.com"]
[Date "2021.04.17"]
[Round "13"]
[White "RunningPawnz88"]
[Black "Molefancier"]
[Result "0-1"]
[WhiteElo "1332"]
[BlackElo "1094"]
[TimeControl "180+1"]
[EndTime "11:10:09 PDT"]
[Termination "Uživatel Molefancier zvítězil matem"]

1. d4 Nf6 2. c4 e6 3. Nc3 Bb4 4. Bd2 c5 5. dxc5 Bxc5 6. e3 Nc6 7.
Nf3 O-O 8. Bd3 d5 9. cxd5 exd5 10. O-O Re8 11. Bb5 a6 12. Ba4 Bg4 13. h3 Bh5 14. g4 Bg6 15. Qb3 Ne4 16. Nxe4 dxe4 17. Nd4 Bxd4 18.
exd4 Re7 19. Be3 b5 20. Bxb5 axb5 21. Qxb5 Nxd4 22. Rad1 Rd7 23. Qg5 Nf3+ 24. Kg2 Nxg5 25. Bxg5 Qc7 26. Bf4 Qc6 27. Rc1 Qf6 28. Be3 Rad8 29.
b4 h5 30. a4 hxg4 31. hxg4 Qf3+ 32. Kg1 Qxg4+ 33. Kh2 Qh4+ 34. Kg2 Bf5 35. Rh1 Qg4+ 36. Kf1 Rd2 37. Bxd2 Rxd2 38. Ke1 Qe2# 0-1

[Event "Betsys MČR v online bleskovém šachu 2021"]
[Site "Chess.com"]
[Date "2021.04.17"]
[Round "13"]
[White "MiroslavBucek"]
[Black "Smetanka674"]
[Result "0-1"]
[WhiteElo "1597"]
[BlackElo "1774"]
[TimeControl "180+1"]
[EndTime "11:10:11 PDT"]
[Termination "Uživatel Smetanka674 zvítězil po vzdání soupeře"]

1. e4 e6 2. d4 d5 3. Nc3 dxe4 4. Nxe4 Nd7 5. Nf3 Ngf6 6. Bg5 Be7 7. Bd3 b6 8. O-O Bb7 9. Re1 O-O 10. c3 c5 11.
h3 h6 12. Bh4 Rc8 13. Rc1 cxd4 14. Nxd4 Nd5 15. Bxe7 Qxe7 16. Nb5 a6 17. Nbd6 Rb8 18. Nxb7 Rxb7 19. Qf3 Ne5 20. Qg3 Nxd3 21. Qxd3 Rd8 22.
Qg3 Rbd7 23. Rcd1 Nf6 24. Nxf6+ Qxf6 25. Rxd7 Rxd7 26. Qb8+ Kh7 27. Qxb6 Rd2 28. Rf1 Qf4 29. Qxa6 Rxb2 30. a4 Ra2 31. Qd3+ g6 32. g3 Qxa4 33. Rc1 Qc6 34. c4 Qc5 35. Rc2 Ra1+ 36. Kg2 Qc6+ 37. Qf3 Rg1+ 38. Kxg1 Qxf3 39. Kh2 Qd3 40. Rc1 Qd2 41.
Rf1 Qd3 42. Kg2 Qxc4 0-1

[Event "Betsys MČR v online bleskovém šachu 2021"]
[Site "Chess.com"]
[Date "2021.04.17"]
[Round "13"]
[White "MaTpAt113"]
[Black "EDA16"]
[Result "1-0"]
[WhiteElo "933"]
[BlackElo "1041"]
[TimeControl "180+1"]
[EndTime "11:10:14 PDT"]
[Termination "Uživatel MaTpAt113 zvítězil matem"]

1. e4 e5 2. Nf3 Nc6 3. d4 exd4 4. Nxd4 Bc5 5. Be3 Bxd4 6. Bxd4 Nxd4 7. Qxd4 Nf6 8. Bc4 O-O 9. e5 Nh5 10. O-O d6 11.
exd6 Qxd6 12. Qxd6 cxd6 13. Rd1 Rd8 14. Rd5 Nf6 15. Rd4 Bf5 16. Nc3 Rac8 17. Bb3 a6 18. Rf4 Bg6 19. Re1 Re8 20. Rxe8+ Rxe8 21. h3 Nh5 22.
Rd4 Rd8 23. Nd5 Nf6 24. Ne7+ Kh8 25. Nxg6+ hxg6 26. Bxf7 Rf8 27. Bxg6 Kg8 28. Rxd6 Rc8 29. c4 b5 30. c5 Rxc5 31. Rd8+ Ne8 32. Rxe8# 1-0

[Event "Betsys MČR v online bleskovém šachu 2021"]
[Site "Chess.com"]
[Date "2021.04.17"]
[Round "13"]
[White "OndrejBorkovec"]
[Black "handlovskyjachym"]
[Result "0-1"]
[WhiteElo "1500"]
[BlackElo "1394"]
[TimeControl "180+1"]
[EndTime "11:10:15 PDT"]
[Termination "Uživatel handlovskyjachym zvítězil po vzdání soupeře"]

1. e4 c5 2. Nc3 d6 3. f4 Nc6 4. Nf3 g6 5. g3 Bg4 6. Bg2 Nd4 7. O-O Bg7 8. d3 e5 9. fxe5 Bxe5 10. Qe1 Nxf3+ 11.
Bxf3 Bh3 12. Rf2 Ne7 13. g4 O-O 14. Qe3 f5 15. gxf5 gxf5 16. exf5 Nxf5 17. Qg5+ Qxg5+ 18. Bxg5 Bd4 19. Bd5+ Kg7 20. Ne4 Bxf2+ 21. Kxf2 Ne7+ 22. Ke3 Nxd5+ 23. Kd2 Rf5 24. Rg1 Kh8 25. Nxd6 Rf2+ 26.
Kd1 Rg8 27. Ke1 Rxc2 28. Nf7+ Kg7 29. Ne5 Rc1+ 30. Kf2 Rxg1 31. Kxg1 Kf8 32. Nf3 Bg4 33. Bh6+ Ke7 34. Kf2 Rg6 35. Bd2 Rf6 36. Kg3 Rxf3+ 37. Kxg4 Rf2 38. Bg5+ Kf7 39. h4 Rxb2 40. a3 Rb3 41.
Bc1 Rxd3 42. h5 c4 43. a4 c3 44. h6 c2 45. Kf5 Rd1 46. Ba3 c1=Q 47. Bxc1 Rxc1 48.
Ke5 a6 49. Kxd5 b5 50. axb5 axb5 51. Kd4 b4 52. Kd3 b3 53. Kd2 b2 54. Ke2 b1=Q 0-1

[Event "Betsys MČR v online bleskovém šachu 2021"]
[Site "Chess.com"]
[Date "2021.04.17"]
[Round "13"]
[White "Hapinka"]
[Black "DavidZidlicky"]
[Result "1-0"]
[WhiteElo "1809"]
[BlackElo "1616"]
[TimeControl "180+1"]
[EndTime "11:10:17 PDT"]
[Termination "Uživatel Hapinka zvítězil po vzdání soupeře"]

1. e4 c5 2. Nf3 Nc6 3. d4 cxd4 4. Nxd4 e5 5. Nb5 a6 6. Nd6+ Bxd6 7. Qxd6 Qe7 8. Qd1 Nf6 9. Qf3 Nd4 10. Qd3 O-O 11. c3 Nc6 12. Bg5 Qe6 13. Be2 h6 14. Bh4 Nh7 15.
O-O b5 16. Nd2 Bb7 17. Nb3 d6 18. Rad1 g5 19. Bg3 Rad8 20. h3 Nf6 21. f3 h5 22.
Bf2 g4 23. fxg4 hxg4 24. Qg3 Ne7 25. Bxg4 Nxg4 26. hxg4 Ng6 27. Be3 Kg7 28. Qf3 Rh8 29. Bg5 Nf4 30. Bxd8 Rxd8 31. Nc5 Qe7 32. Nxb7 Qxb7 33.
g3 Ng6 34. Qf6+ Kg8 35. Qxd8+ 1-0

[Event "Betsys MČR v online bleskovém šachu 2021"]
[Site "Chess.com"]
[Date "2021.04.17"]
[Round "13"]
[White "ikovacs"]
[Black "zaciname"]
[Result "0-1"]
[WhiteElo "1072"]
[BlackElo "772"]
[TimeControl "180+1"]
[EndTime "11:10:17 PDT"]
[Termination "Uživatel zaciname zvítězil na čas"]

1. d4 Nf6 2. e3 e6 3. Nf3 d5 4. Bd3 c5 5. dxc5 Bxc5 6. O-O Qc7 7.
a3 Bd7 8. b4 Bd6 9. Nbd2 Nc6 10. c4 dxc4 11. Nxc4 Ne5 12. Ncxe5 Bxe5 13. Nxe5 Qxe5 14. Bd2 O-O 15. Rc1 Rac8 16. Rxc8 Rxc8 17. g3 a6 18. Qf3 Bc6 19. Qf4 Qxf4 20. exf4 Rd8 21. Bxa6 Rxd2 22. Bc4 b5 23. Rc1 bxc4 24. Kf1 Bd5 25. b5 Rb2 26. a4 Rb4 27. a5 Rxb5 28.
a6 Rb8 29. a7 Ra8 30. Rb1 Nd7 31. Ke2 Rxa7 32. Ke3 g6 33. Kd4 Kg7 0-1

[Event "Betsys MČR v online bleskovém šachu 2021"]
[Site "Chess.com"]
[Date "2021.04.17"]
[Round "13"]
[White "Figo5144"]
[Black "Newyork6"]
[Result "1-0"]
[WhiteElo "569"]
[BlackElo "323"]
[TimeControl "180+1"]
[EndTime "11:10:18 PDT"]
[Termination "Uživatel Figo5144 zvítězil po vzdání soupeře"]

1. e4 e6 2. d4 Be7 3. Nf3 Nf6 4. Nc3 Nxe4 5. Nxe4 f5 6. Nc3 e5 7. dxe5 d6 8. Bc4 dxe5 9. Nxe5 Qxd1+ 10. Nxd1 Bf6 11. Nd3 Nc6 12. O-O Nd4 13. Re1+ Kd8 14. Ne3 Re8 15. c3 Nc2 16. Nxc2 Rxe1+ 17. Ncxe1 Bd7 18. Nc5 c6 19. Nxb7+ Kc7 20. Nc5 Re8 21. Bf4+ Kb6 22.
Nxd7+ Ka5 23. Nxf6 Rd8 24. b4+ Ka4 25. Bb3+ Kb5 26. Bc7 1-0

[Event "Betsys MČR v online bleskovém šachu 2021"]
[Site "Chess.com"]
[Date "2021.04.17"]
[Round "13"]
[White "adiklan"]
[Black "5265"]
[Result "1-0"]
[WhiteElo "1897"]
[BlackElo "1659"]
[TimeControl "180+1"]
[EndTime "11:10:23 PDT"]
[Termination "Uživatel adiklan zvítězil matem"]

1. e4 e5 2. Bc4 Nc6 3. Nf3 Nf6 4.
d4 exd4 5. O-O d6 6. Nxd4 Be7 7.
Nxc6 bxc6 8. Nc3 O-O 9. h3 Bb7 10. f4 d5 11. Bd3 dxe4 12. Bxe4 Nxe4 13. Nxe4 Qxd1 14. Rxd1 Rad8 15. Be3 Rd5 16. c4 Rdd8 17.
Nc5 Bc8 18. g4 Rfe8 19. Kf2 Bh4+ 20. Kf3 Rd6 21. Rd4 Rde6 22. Nxe6 Bxe6 23. Re4 g6 24. b3 h5 25. g5 Bg4+ 26. hxg4 hxg4+ 27. Kxg4 Rxe4 28. Bxa7 Bf2 29. Bxf2 Re2 30. Bd4 Rg2+ 31.
Kf3 Rh2 32. Re1 Rh3+ 33. Kg4 f5+ 34. Kxh3 Kf7 35. Bf6 c5 36. Re7+ Kf8 37. Rf7+ Kxf7 38. Kg3 Ke6 39. Kf3 Kd6 40. Ke3 Kc6 41. Kd3 Kd6 42.
Kc3 Kc6 43. a4 Kb6 44. b4 cxb4+ 45. Kxb4 c5+ 46. Ka3 Ka5 47. Bd8+ Ka6 48. Be7 Kb6 49. a5+ Kxa5 50. Bxc5 Ka6 51. Kb4 Kb7 52. Kb5 Kc7 53. Bd4 Kd6 54. Be5+ Kd7 55. Kb6 Kc8 56. Kc6 Kd8 57.
Kb7 Kd7 58. c5 Ke6 59. c6 Kd5 60. c7 Ke6 61. c8=Q+ Ke7 62. Qc7+ Ke6 63. Qd6+ Kf7 64. Qd7+ Kf8 65. Kc6 Kg8 66. Qg7# 1-0

[Event "Betsys MČR v online bleskovém šachu 2021"]
[Site "Chess.com"]
[Date "2021.04.17"]
[Round "13"]
[White "Klokan64"]
[Black "jonasstach"]
[Result "0-1"]
[WhiteElo "1442"]
[BlackElo "1980"]
[TimeControl "180+1"]
[EndTime "11:10:23 PDT"]
[Termination "Uživatel jonasstach zvítězil na čas"]

1. d4 d5 2. Nf3 Nf6 3. Bg5 c6 4. e3 Bg4 5. Bd3 e6 6. Nbd2 Bd6 7. c3 Nbd7 8. Qc2 h6 9. Bh4 c5 10. b3 Bxf3 11. Nxf3 Rc8 12. O-O a6 13. a4 Qb6 14.
Rac1 O-O 15. Qb1 cxd4 16. cxd4 Ba3 17. Rxc8 Rxc8 18. Ne5 Rc3 19. Bc2 Nxe5 20. dxe5 Nd7 21. Bg3 Nc5 22. Qa2 Bb4 23. Rd1 a5 24. Bh4 Qc7 25.
Bg3 g5 26. Rd4 Nd7 27. Bd1 Nxe5 28. Bxe5 Qxe5 0-1

[Event "Betsys MČR v online bleskovém šachu 2021"]
[Site "Chess.com"]
[Date "2021.04.17"]
[Round "13"]
[White "Honza_13"]
[Black "Hroch-hroch"]
[Result "0-1"]
[WhiteElo "1977"]
[BlackElo "2239"]
[TimeControl "180+1"]
[EndTime "11:10:24 PDT"]
[Termination "Uživatel Hroch-hroch zvítězil po vzdání soupeře"]

1. Nf3 d5 2. g3 Nc6 3. d4 Bg4 4. Bg2 Nf6 5. O-O Bxf3 6. exf3 e6 7. Bf4 Bd6 8. Bxd6 Qxd6 9. Nc3 O-O 10. Re1 Qb4 11. Ne2 b6 12. b3 a5 13. c3 Qd6 14.
c4 dxc4 15. bxc4 Rad8 16. d5 exd5 17. Qa4 Nb4 18. a3 Nd3 19. Red1 Nb2 20. Qc2 Nxd1 21. Rxd1 Qxa3 22. cxd5 Rxd5 23. Rxd5 Nxd5 24. f4 Qa1+ 25. Bf1 c5 26. Qf5 Nf6 27. g4 g6 28. Qg5 Ne4 29. Qh4 Nd2 0-1

[Event "Betsys MČR v online bleskovém šachu 2021"]
[Site "Chess.com"]
[Date "2021.04.17"]
[Round "13"]
[White "Jaja15F"]
[Black "dino5517"]
[Result "0-1"]
[WhiteElo "1131"]
[BlackElo "1393"]
[TimeControl "180+1"]
[EndTime "11:10:26 PDT"]
[Termination "Uživatel dino5517 zvítězil na čas"]

1. d4 e5 2. d5 c6 3. dxc6 Nxc6 4. Nc3 Bc5 5. Nf3 Qf6 6. e4 Nd4 7. Nxd4 Bxd4 8. Be3 Bxe3 9. fxe3 Nh6 10. Nd5 Qd6 11. Bd3 O-O 12. O-O Re8 13. Bc4 Qg6 14. Nc7 d5 15.
Bxd5 Bh3 16. Qf3 Be6 17. Bxe6 fxe6 18. Nxe8 Rxe8 19. Rad1 Qg5 20. h3 b6 21. Rf2 g6 22.
Rdf1 a5 23. Qe2 a4 24. Qc4 b5 25. Qxb5 Rd8 26. Qb6 Re8 0-1

[Event "Betsys MČR v online bleskovém šachu 2021"]
[Site "Chess.com"]
[Date "2021.04.17"]
[Round "13"]
[White "kalcs"]
[Black "SajdlJosef"]
[Result "1/2-1/2"]
[WhiteElo "2057"]
[BlackElo "1827"]
[TimeControl "180+1"]
[EndTime "11:10:28 PDT"]
[Termination "Remíza dohodou"]

1. e4 c6 2. d4 d5 3. e5 g6 4. Nf3 h5 5. Bd3 Nh6 6. O-O Bf5 7. b3 e6 8. h3 Nd7 9. Bg5 Be7 10. Bxh6 Rxh6 11.
c4 Bxd3 12. Qxd3 Rh8 13. c5 b6 14. b4 a5 15. a4 axb4 16. cxb6 Qxb6 17. Nbd2 Kf8 18.
Nb3 Kg7 19. Rfc1 c5 20. dxc5 Nxc5 21. Qe3 Nxa4 22. Qf4 Nc5 23. Nbd4 Rxa1 24. Rxa1 b3 25. Rb1 b2 26. Ng5 Rf8 27. Qd2 Ne4 28. Nxe4 dxe4 29.
Rxb2 Qc5 30. Rb5 Qc4 1/2-1/2

[Event "Betsys MČR v online bleskovém šachu 2021"]
[Site "Chess.com"]
[Date "2021.04.17"]
[Round "13"]
[White "misa2009"]
[Black "Petr_Zacek"]
[Result "0-1"]
[WhiteElo "1512"]
[BlackElo "1731"]
[TimeControl "180+1"]
[EndTime "11:10:30 PDT"]
[Termination "Uživatel Petr_Zacek zvítězil matem"]

1. e4 e6 2. d4 d5 3. e5 c5 4.
c3 Nc6 5. f4 Qb6 6. Nf3 cxd4 7.
cxd4 Nge7 8. Nc3 Nf5 9. Na4 Qd8 10. Nc3 Be7 11. h3 Ng3 12. Rg1 Nxf1 13. Kxf1 b6 14. Kf2 O-O 15. Rf1 f6 16. Kg1 Ba6 17. Rf2 fxe5 18.
fxe5 Rc8 19. Be3 Qe8 20. a3 Qh5 21. b4 Bb7 22. Ne2 a6 23. Nf4 Qf7 24. Rc1 h6 25.
Kh1 Na7 26. Rfc2 Nb5 27. a4 Na3 28. Rxc8 Rxc8 29. Rxc8+ Bxc8 30. Qc1 Nc4 31. Nd2 b5 32. axb5 axb5 33. Nxc4 dxc4 34. Qc3 Bg5 35. g3 Bb7+ 36. Kg1 Qf5 37. Qa3 Qe4 38. Qa7 Bxf4 39. Qb8+ Kh7 40. Kf1 Bxe3 41. Qd6 Qd3+ 42. Ke1 Qd2+ 43. Kf1 Qf2# 0-1

[Event "Betsys MČR v online bleskovém šachu 2021"]
[Site "Chess.com"]
[Date "2021.04.17"]
[Round "13"]
[White "Evca64"]
[Black "KajaOl"]
[Result "1-0"]
[WhiteElo "2095"]
[BlackElo "2227"]
[TimeControl "180+1"]
[EndTime "11:10:31 PDT"]
[Termination "Uživatel Evca64 zvítězil na čas"]

1. e4 Nf6 2. e5 Nd5 3. d4 d6 4. c4 Nb6 5. exd6 cxd6 6. Nc3 g6 7. Be3 Bg7 8. Rc1 O-O 9. b3 Bf5 10. g4 Bc8 11. Bg2 Nc6 12. h3 a5 13. Nge2 Bd7 14.
O-O a4 15. d5 Nb4 16. Bd4 axb3 17. axb3 Na2 18. Nxa2 Rxa2 19. Nc3 Ra3 20. Bxg7 Kxg7 21. Ne2 Kg8 22. Nd4 Qa8 23. Qd3 Rc8 24. Qe4 Re8 25. f4 Qa7 26. Kh1 Na8 27. f5 Nc7 28. fxg6 hxg6 29. Rc3 b5 30. Rcf3 Rf8 31. cxb5 Nxb5 32. Nc6 Bxc6 33. dxc6 Qc7 34. Qd5 1-0

[Event "Betsys MČR v online bleskovém šachu 2021"]
[Site "Chess.com"]
[Date "2021.04.17"]
[Round "13"]
[White "Cimrman"]
[Black "Chessillusion213"]
[Result "1-0"]
[WhiteElo "2325"]
[BlackElo "2147"]
[TimeControl "180+1"]
[EndTime "11:10:33 PDT"]
[Termination "Uživatel Cimrman zvítězil po vzdání soupeře"]

1. d4 Nf6 2. Nf3 g6 3. c4 Bg7 4. Nc3 O-O 5. e4 d6 6. Be2 e5 7. dxe5 dxe5 8. Qxd8 Rxd8 9. Bg5 Rf8 10. Nxe5 Nxe4 11.
Nxe4 Bxe5 12. Bf6 Bxf6 13. Nxf6+ Kg7 14. Nd5 Na6 15. O-O-O c6 16. Nc3 Be6 17. a3 Nc5 18.
b4 Nd7 19. f4 Nf6 20. Kb2 Rad8 21. h3 h5 22. Kc1 Rfe8 23. Rxd8 Rxd8 24. Rd1 Rxd1+ 25.
Kxd1 Kf8 26. Kd2 Ke7 27. Ke3 b6 28. Kd4 Kd6 29. c5+ bxc5+ 30. bxc5+ Ke7 31. Bf3 Kd7 32. Ke5 Ne8 33. Ne4 Kc7 34. Nf6 Nxf6 35. Kxf6 Kd7 36. g4 hxg4 37. hxg4 Kc7 38. f5 gxf5 39. gxf5 Bc4 40.
Bh5 Kd7 41. Bxf7 Bd3 42. Be6+ Ke8 43. Kg7 Ke7 44. f6+ Kxe6 45. f7 1-0

[Event "Betsys MČR v online bleskovém šachu 2021"]
[Site "Chess.com"]
[Date "2021.04.17"]
[Round "13"]
[White "lockerbieQ"]
[Black "machajda"]
[Result "1-0"]
[WhiteElo "1780"]
[BlackElo "2028"]
[TimeControl "180+1"]
[EndTime "11:10:34 PDT"]
[Termination "Uživatel lockerbieQ zvítězil matem"]

1. e4 c5 2. Nf3 d6 3. d4 cxd4 4. Nxd4 Nf6 5. Nc3 a6 6. Be3 e5 7. Nb3 Be6 8. f3 Be7 9. Qd2 h5 10. O-O-O Nbd7 11. Nd5 Bxd5 12. exd5 Qc7 13. Kb1 O-O 14.
Be2 b5 15. g4 Nb6 16. gxh5 Nxh5 17. Rhg1 Bf6 18. f4 Nxf4 19. Bxf4 exf4 20. Qxf4 Qe7 21. Bd3 g6 22. Rde1 Be5 23. Qf3 Nc4 24.
Bxg6 fxg6 25. Rxg6+ Bg7 26. Rxe7 Rxf3 27. Rgxg7+ Kf8 28. a3 Re8 29. Rb7 Re1+ 30. Ka2 Re2 31. Nd4 Ref2 32.
Ne6+ Ke8 33. Rb8# 1-0

[Event "Betsys MČR v online bleskovém šachu 2021"]
[Site "Chess.com"]
[Date "2021.04.17"]
[Round "13"]
[White "valid88"]
[Black "TomasOrnet1"]
[Result "1-0"]
[WhiteElo "1382"]
[BlackElo "1490"]
[TimeControl "180+1"]
[EndTime "11:10:35 PDT"]
[Termination "Uživatel valid88 zvítězil na čas"]

1. d4 d5 2. c4 e6 3. Nc3 c6 4.
Nf3 Bb4 5. e3 Bxc3+ 6. bxc3 Nf6 7.
Bd2 O-O 8. cxd5 Nxd5 9. c4 Nb6 10. Be2 N8d7 11. O-O c5 12. Ba5 Qf6 13. Bc3 cxd4 14. Nxd4 Qg6 15. Bd3 Qg5 16. Nf3 Qc5 17. Bd4 Qc7 18.
Ng5 h6 19. Qh5 e5 20. Bc3 Nf6 21. Ne6 Qe7 22. Qh4 Qxe6 23. f4 exf4 24. exf4 Qe3+ 25.
Kh1 Qxd3 26. Bxf6 gxf6 27. Qxf6 Qg6 28. Qh4 Be6 29. Rf3 Bf5 30. Rg3 Kh7 31. Rxg6 fxg6 32.
Qe7+ 1-0

[Event "Betsys MČR v online bleskovém šachu 2021"]
[Site "Chess.com"]
[Date "2021.04.17"]
[Round "13"]
[White "AlenaSouralova"]
[Black "adasmrazek"]
[Result "0-1"]
[WhiteElo "937"]
[BlackElo "1336"]
[TimeControl "180+1"]
[EndTime "11:10:36 PDT"]
[Termination "Uživatel adasmrazek zvítězil matem"]

1. e4 c5 2. Bc4 Nc6 3. Nf3 g6 4. Nc3 Bg7 5. d3 Nf6 6. Be3 d6 7. Qd2 O-O 8. O-O-O Bd7 9. h4 h5 10. Rdg1 Rc8 11. g4 Bxg4 12. Ng5 Ne5 13. Ne6 fxe6 14. Bxe6+ Bxe6 15. Bh6 Nf3 16. Qe3 Nxg1 17. Rxg1 Bf7 18. Qg5 Ng4 19. Bxg7 Kxg7 20. Nb5 a6 21. Na7 Ra8 22. Nc8 Rxc8 23. f3 Ne5 24. f4 Nf3 25. Qg3 Nxg1 26. Qxg1 Qa5 27. f5 Qxa2 28. Kd2 Qxb2 29. Qg3 b5 30. Ke3 Qc1+ 31. Ke2 Qxc2+ 32. Ke1 Qc1+ 33. Ke2 c4 34. dxc4 Rxc4 35. Kd3 Rc3+ 36. Ke2 Rxg3 37. Kf2 Qg1+ 38. Ke2 Qg2+ 39. Ke1 Rf3 40.
Kd1 Rf1# 0-1

[Event "Betsys MČR v online bleskovém šachu 2021"]
[Site "Chess.com"]
[Date "2021.04.17"]
[Round "13"]
[White "Maty_2010"]
[Black "Simaril76"]
[Result "1-0"]
[WhiteElo "952"]
[BlackElo "710"]
[TimeControl "180+1"]
[EndTime "11:10:36 PDT"]
[Termination "Uživatel Maty_2010 zvítězil na čas"]

1. e4 c5 2. Bc4 Nc6 3. Qh5 e6 4. Nf3 Nf6 5. Qh3 d5 6. exd5 exd5 7. Bb5 Bd7 8. Qh4 Be7 9. d3 Qc7 10. Bf4 Bd6 11. Bxd6 Qxd6 12. O-O O-O-O 13. c3 a6 14. Ba4 Bg4 15. d4 Bxf3 16. gxf3 c4 17. Qh3+ Qd7 18. Qxd7+ Nxd7 19. Bc2 g6 20. b3 f5 21.
bxc4 dxc4 22. Na3 Nb6 23. Rab1 Na4 24. Bxa4 Rhe8 25. Nxc4 Re2 26. d5 Ne7 27. d6 Rxd6 28. Nxd6+ 1-0